 Dungeon Crawl Stone Soup version 0.31-a0-1388-g4b2ba238e7 (webtiles) character file.

Game seed: 13569864588094861309

6392 grandjackal the Torchbearer (level 10, -19/82 HPs)
             Began as a Demonspawn Gladiator on Dec 24, 2023.
             Was a Follower of Yredelemnul.
             Demolished by an orc knight
             ... wielding a +0 glaive
              (24 damage)
             ... in a bailey.
             The game lasted 00:09:41 (6785 turns).

grandjackal the Torchbearer (Demonspawn Gladiator)  Turns: 6785, Time: 00:09:41

Health: -19/82     AC: 12    Str: 17    XL:     10   Next: 66%
Magic:  16/16      EV: 13    Int:  8    God:    Yredelemnul [*.....]
Gold:   408        SH:  0    Dex: 17    Spells: 6/9 levels left

rFire   . . .        v - +8 demon blade "Leech" {evervamp, Harm ^Drain rN+}
rCold   + . .        (no shield)
rNeg    + . .        D - +3 leather armour {rC+}
rPois   .            c - +0 helmet
rElec   .            (no cloak)
rCorr   .            s - +2 pair of gloves {Stlth+}
SInv    .            (no boots)
Will    ++...        (no amulet)
Stlth   ++           p - ring of willpower
HPRegen 0.33/turn    n - ring of willpower
MPRegen 0.15/turn

%: harm (+30% outgoing, +20% incoming)
@: no status effects
A: claws 1, yellow scales 1, foul stench 2, powered by death 1
a: Renounce Religion, Recall Undead Harvest


You were in a bailey.
You worshipped Yredelemnul.
Yredelemnul was aware of your devotion.
You visited 1 branch of the dungeon, and saw 9 of its levels.
You also visited: Bailey.

You collected 496 gold pieces.
You spent 88 gold pieces at shops.

Inventory:

Hand Weapons
 a - a +0 long sword
 v - the +8 demon blade "Leech" (weapon) {evervamp, Harm ^Drain rN+}
   (You found it on level 4 of the Dungeon)

   rN+:       It protects you from negative energy.
   ^Drain:    It drains your maximum health when unequipped.
   Harm:      It increases damage dealt and taken.
Missiles
 d - 5 throwing nets (quivered)
 e - 13 javelins
Armour
 c - a +0 helmet (worn)
 s - a +2 pair of gloves of stealth (worn)
 D - a +3 leather armour of cold resistance (worn)
Jewellery
 k - a ring of resist corrosion
 n - a ring of willpower (right hand)
 p - a ring of willpower (left hand)
 t - a +4 ring of slaying
 L - a ring of fire
Wands
 y - a wand of paralysis (32)
 F - a wand of flame (15)
 K - a wand of digging (6)
Scrolls
 g - 5 scrolls of identify {unknown}
 i - 2 scrolls of immolation {unknown}
 j - 7 scrolls of blinking {unknown}
 l - a scroll of teleportation {unknown}
 r - 6 scrolls of enchant armour {unknown}
 w - 3 scrolls of fear
 x - a scroll of noise {unknown}
 A - a scroll of amnesia {unknown}
 B - 2 scrolls of vulnerability {unknown}
 E - 5 scrolls of enchant weapon {unknown}
 G - a scroll of fog {unknown}
 H - a scroll of acquirement {unknown}
 J - a scroll of revelation {unknown}
Potions
 b - a potion of brilliance {unknown}
 f - a potion of mutation {unknown}
 h - a potion of heal wounds {unknown}
 m - a potion of cancellation {unknown}
 o - 2 potions of lignification {unknown}
 q - 2 potions of haste {unknown}
 u - 3 potions of might {unknown}
 z - 2 potions of curing
 C - a potion of attraction {unknown}
 I - a potion of degeneration {unknown}


   Skills:
 + Level 8.7 Fighting
 - Level 4.0 Long Blades
 - Level 2.0 Throwing
 - Level 4.0 Dodging
 + Level 7.0 Unarmed Combat
 + Level 8.4 Necromancy
 + Level 9.2 Invocations


You had 6 spell levels left.
You knew the following spells:

 Your Spells              Type           Power      Damage    Failure   Level
a - Vampiric Draining     Necr           13%        2d6       4%          3

Your spell library contained the following spells:

 Spells                   Type           Power      Damage    Failure   Level
 Foxfire                  Conj/Fire      0%         2x1d4     47%         1
 Shock                    Conj/Air       0%         1d3       47%         1
 Slow                     Hex            0%         N/A       47%         1
 Static Discharge         Conj/Air       0%         3-3/arc   63%         2
 Call Canine Familiar     Summ           0%         N/A       85%         3
 Confusing Touch          Hex            0%         N/A       85%         3
 Frozen Ramparts          Ice            0%         1d1       85%         3
 Sigil of Binding         Hex            0%         N/A       85%         3
 Swiftness                Air            0%         N/A       85%         3
 Airstrike                Air            0%         2d(0-16)  99%         4
 Dimensional Bullseye     Hex/Tloc       0%         N/A       99%         4
 Leda's Liquefaction      Alch/Erth      0%         N/A       99%         4
 Petrify                  Alch/Erth      0%         N/A       99%         4
 Summon Lightning Spire   Summ/Air       0%         N/A       99%         4
 Metabolic Englaciation   Hex/Ice        0%         N/A       100%        5
 Plasma Beam              Fire/Air       0%         2x1d10    100%        6
 Starburst                Conj/Fire      0%         6d3       100%        6


Dungeon Overview and Level Annotations

Branches:
Dungeon (9/15)             Temple (0/1) D:6            Lair (0/5) D:8
 Bailey (1/1)
    Orc: D:9-12

Altars:
Dithmenos
Hepliaklqana
Ru
Sif Muna
Yredelemnul

Shops:
D:1 ?(!(=

Annotations:
D:5 Grinder


Innate Abilities, Weirdness & Mutations

You have sharp fingernails.
You are partially covered in yellow scales. (AC +2)
You sometimes emit foul miasma when damaged in melee.
You regenerate a little health from kills.


Message History

a +0 halberd; a +0 ring mail Your orc warrior zombie hits the orc knight!
Your orc zombie hits the orc knight but does no damage. x2
Your orc warrior zombie hits the orc knight but does no damage.
Your orc zombie hits the orc knight but does no damage.
Your orc zombie completely misses the orc knight.
The helpless orc knight fails to defend itself.
You slash the orc knight!
You feel better.
The orc knight is moderately wounded.
Your orc warrior zombie hits the orc knight but does no damage.
Your orc zombie hits the orc knight but does no damage. x2
The helpless orc knight fails to defend itself.
You hit the orc knight but do no damage.
The orc knight is moderately wounded.
The orc knight is no longer paralysed.
The orc knight misses you.
Your orc warrior zombie barely misses the orc knight.
Your orc zombie splashes around in the water.
You hit the orc knight.
You feel better.
The orc knight is moderately wounded.
Your orc zombie closely misses the orc knight.
The orc knight completely misses you.
Your orc warrior zombie hits the orc knight.
You hit the orc knight.
You feel better.
The orc knight is heavily wounded.
Your orc zombie misses the orc knight.
The orc knight hits you with a +0 glaive!
* * * LOW HITPOINT WARNING * * *
Your orc zombie barely misses the orc knight.
You slash the orc knight!
You feel better.
The orc knight is severely wounded.
Your orc warrior zombie closely misses the orc knight.
The orc knight hits you with a +0 glaive.
* * * LOW HITPOINT WARNING * * *
You emit a cloud of foul miasma!
Your orc zombie hits the orc knight but does no damage. x2
The orc knight is engulfed in dark miasma.
The orc knight is poisoned.
The orc knight hits you from afar with a +0 glaive!!
You die...
Your body rises from the dead as a mindless zombie.

########### ##.........##
##..~~~~~~~..##
##..~~.....~Z..##
##########..~)).###..~Z..##
#..........~~..## ##.Z~~.).
#.~~~)~~~))ZZZ##.∩.##.ZZ~ZZ
#.~....)))@.o##.....##....Z
#.~.#########'###+#########
#.~.## #.....§.§ #.~Z.##
.o≈§≈§§≈§ #.~~..##
..≈≈o....§ #∩.~~..#
..§§..⌠∩⌠..
##.)~..#+#.§≈§...⌠... #+
#.~~).##.##§§≈≈..§§§≈ #.
#.~..##...+#..≈≈§§≈§≈ $


You could see an orc knight (poisoned, ally target), 2 friendly orc zombies and
a friendly orc warrior zombie.

Vanquished Creatures
  A two-headed ogre (D:8)
  A troll (D:8)
  Sigmund (D:3)
  A wyvern (D:9)
  Eustachio (D:5)
  4 yaks (D:9)
  Menkaure (D:4)
  A steam dragon (D:8)
  8 orc warriors
  Duvessa (D:6)
  2 sky beasts
  3 ice beasts
  A black bear (D:8)
  2 ogres
  A wolf (D:8)
  2 centaurs
  2 phantoms
  A kobold brigand (D:8)
  2 bullfrogs
  Blork the orc (D:5)
  A gnoll sergeant (D:6)
  A scorpion (D:7)
  A water moccasin zombie (D:4)
  Dowan (D:6)
  5 killer bees (D:8)
  2 electric eels (D:8)
  3 howler monkeys
  2 gnoll boudas
  3 orc priests (D:7)
  7 hounds
  2 sleepcaps
  6 orc wizards
  3 iguanas
  13 gnolls
  8 adders
  A white imp (D:7)
  2 ufetubi (D:5)
  An adder zombie (D:4)
  3 worms
  3 dart slugs
  35 orcs
  12 ball pythons
  9 bats
  6 endoplasms
  2 giant cockroaches
  15 goblins
  6 hobgoblins
  9 jackals
  9 kobolds
  A quokka (D:1)
  3 frilled lizards (D:3)
  7 rats
219 creatures vanquished.

Vanquished Creatures (collateral kills)
  A black bear (D:6)
  An orc warrior (D:9)
  A centaur (D:6)
  A phantom (D:5)
  A killer bee (D:8)
  2 electric eels (D:8)
  A jelly (D:6)
  2 orcs
  4 goblins (D:9)
14 creatures vanquished.

Vanquished Creatures (others)
  A two-headed ogre zombie (D:8)
  A centaur zombie (D:8)
  A black bear zombie (D:8)
  An orc wizard (D:8)
  2 hound zombies
  An elf zombie (D:6)
  An iguana zombie (D:7)
  2 orcs (D:8)
  A gnoll zombie (D:8)
  3 kobolds (D:8)
  3 kobold zombies (D:8)
  11 orc zombies
28 creatures vanquished.

Grand Total: 261 creatures vanquished

Notes
Turn   | Place    | Note
-------+----------+-------------------------------------------
     0 | D:1      | grandjackal the Demonspawn Gladiator began the quest for
                  | the Orb.
     0 | D:1      | Reached XP level 1. HP: 16/16 MP: 1/1
    86 | D:1      | Found Cuceijei's Magic Scroll Emporium.
   214 | D:1      | Found Ipnyny's Weapon Emporium.
   517 | D:1      | Gained mutation: You may rarely emit foul miasma when
                  | damaged in melee. [demonic ancestry]
   517 | D:1      | Reached XP level 2. HP: 22/22 MP: 2/2
   681 | D:1      | Found Fomurrak's Weapon Shop.
   691 | D:1      | Found Zak Obbo's Jewellery Emporium.
   705 | D:1      | Found Eliodon's Distillery.
   713 | D:1      | Bought a potion of curing for 36 gold pieces
   899 | D:1      | Reached XP level 3. HP: 28/28 MP: 3/3
  1843 | D:3      | Noticed Sigmund
  1878 | D:3      | Killed Sigmund
  1879 | D:3      | Gained mutation: You have sharp fingernails. [demonic
                  | ancestry]
  1879 | D:3      | Reached XP level 4. HP: 22/37 MP: 4/4
  1879 | D:3      | Reached XP level 5. HP: 25/42 MP: 5/5
  1888 | D:3      | Learned a level 3 spell: Vampiric Draining
  2488 | D:3      | Reached XP level 6. HP: 48/48 MP: 6/6
  2766 | D:4      | Found the +8 demon blade "Leech" {evervamp, Harm ^Drain
                  | rN+}
  2782 | D:4      | Reached skill level 1 in Necromancy
  2882 | D:4      | Reached skill level 1 in Unarmed Combat
  2991 | D:4      | Noticed Menkaure
  3009 | D:4      | Killed Menkaure
  3023 | D:4      | Reached XP level 7. HP: 23/55 MP: 7/7
  3150 | D:4      | Found a shadowy altar of Dithmenos.
  3536 | D:4      | Found a basalt altar of Yredelemnul.
  3649 | D:4      | Became a worshipper of Yredelemnul the Dark
  3753 | D:1      | Bought a scroll of fear for 52 gold pieces
  3825 | D:5      | Entered Level 5 of the Dungeon
  3825 | D:5      | Noticed Blork the orc
  3831 | D:5      | Killed Blork the orc
  3832 | D:5      | Reached skill level 5 in Fighting
  3833 | D:5      | Reached skill level 1 in Invocations
  3906 | D:5      | Reached * piety under Yredelemnul
  3907 | D:5      | Reached skill level 2 in Invocations
  3916 | D:5      | Reached ** piety under Yredelemnul
  4161 | D:5      | Noticed Grinder
  4162 | D:5      | Found a sacrificial altar of Ru.
  4164 | D:5      | Found a shimmering blue altar of Sif Muna.
  4173 | D:5      | Noticed Eustachio
  4182 | D:5      | Killed Eustachio
  4183 | D:5      | Reached skill level 3 in Invocations
  4183 | D:5      | Gained mutation: You are partially covered in yellow
                  | scales. (AC +2) [demonic ancestry]
  4183 | D:5      | Reached XP level 8. HP: 63/63 MP: 8/10
  4317 | D:5      | Found a hazy altar of Hepliaklqana.
  4533 | D:6      | Noticed Duvessa
  4536 | D:6      | Noticed Dowan
  4557 | D:6      | Killed Duvessa
  4574 | D:6      | Your ally Duvessa died
  4581 | D:6      | Killed Dowan
  4735 | D:6      | Reached skill level 4 in Invocations
  4751 | D:6      | Found a staircase to the Ecumenical Temple.
  4758 | D:6      | Reached skill level 5 in Necromancy
  4853 | D:6      | Reached skill level 5 in Invocations
  4921 | D:6      | Gained mutation: You regenerate a little health from kills.
                  | [demonic ancestry]
  4921 | D:6      | Reached XP level 9. HP: 71/71 MP: 11/13
  4937 | D:6      | Reached *** piety under Yredelemnul
  5234 | D:7      | Reached skill level 5 in Unarmed Combat
  5234 | D:7      | Reached skill level 6 in Invocations
  5684 | D:8      | Reached skill level 7 in Invocations
  5717 | D:8      | Noticed a troll
  5725 | D:8      | Killed a troll
  5734 | D:8      | Noticed a two-headed ogre
  5744 | D:8      | Killed a two-headed ogre
  5745 | D:8      | Gained mutation: You sometimes emit foul miasma when
                  | damaged in melee. [demonic ancestry]
  5745 | D:8      | Reached XP level 10. HP: 62/80 MP: 15/15
  5770 | D:8      | Reached skill level 8 in Invocations
  5896 | D:8      | Found a staircase to the Lair.
  6490 | D:9      | Found a flagged portal.
  6508 | Bailey   | Entered a bailey
  6525 | Bailey   | Reached skill level 9 in Invocations
  6595 | Bailey   | Noticed an orc knight
  6696 | Bailey   | Noticed an orc knight
  6785 | Bailey   | Demolished by an orc knight

Illustrated notes

Levels and vault maps discovered:
D:1:      tarquinn_simple_flora_water_f, layout_loops_corners, serial_aquarium,
          aquarium_bridge_square [aquarium_subvault_balcony,
          aquarium_subvault_bridge, aquarium_subvault_window,
          aquarium_subvault_bridge], aquarium_bridge_square
          [aquarium_subvault_bridge, aquarium_subvault_window,
          aquarium_subvault_bridge, aquarium_subvault_wall],
          aquarium_window_corner, aquarium_window_corridor_3, aquarium_view_2b,
          aquarium_pool_five, serial_shops, shop, shop, shop, shop, shop,
          minmay_split_cup_large
D:2:      layout_loops_ring, nicolae_titane
D:3:      kennysheep_goblin_castle, layout_basic, uniq_sigmund
D:4:      layout_loops_ring, nicolae_dithmenos_shadow_blocks,
          lemuel_zombie_altar_yredelemnul, nicolae_letterblocks
          [nicolae_letter_subblock, nicolae_letter_subblock,
          nicolae_letter_subblock, nicolae_letter_subblock,
          nicolae_letter_subblock, nicolae_letter_subblock,
          nicolae_letter_subblock, nicolae_letter_subblock,
          nicolae_letter_subblock, nicolae_letter_subblock,
          nicolae_letter_subblock, nicolae_letter_subblock,
          nicolae_letter_subblock, nicolae_letter_subblock,
          nicolae_letter_subblock, nicolae_letter_subblock,
          nicolae_letter_subblock, nicolae_letter_subblock,
          nicolae_letter_subblock, nicolae_letter_subblock,
          nicolae_letter_subblock, nicolae_letter_subblock,
          nicolae_letter_subblock, nicolae_letter_subblock,
          nicolae_letter_subblock], uniq_menkaure
D:5:      layout_loops_cross, nicolae_overflow_hidden_temple, uniq_grinder,
          uniq_eustachio, uniq_blork_the_orc
D:6:      layout_rooms, minmay_temple_entry_waves, uniq_duvessa
D:7:      layout_rooms
D:8:      layout_rooms, erik_lair_island
D:9:      layout_roguey, enter_bailey_5
Bailey:   bailey_polearm_1, bailey

Skill      XL: |  1  2  3  4  5  6  7  8  9 10 |
---------------+-------------------------------+-----
Throwing       | 2 |  2.0
Dodging        | 3 4 |  4.0
Long Blades    | 3 4 |  4.0
Fighting       | 3 4 5 6 7 8 |  8.7
Necromancy     | 2 4 5 7 8 |  8.4
Unarmed Combat | 2 3 4 6 7 |  7.0
Invocations    | 3 5 7 9 |  9.2

Action                     |  1- 3 |  4- 6 |  7- 9 | 10-12 || total
---------------------------+-------+-------+-------+-------++-------
  Melee: Long sword        |   114 |    93 |       |       ||   207
         Punch             |     1 |     1 |     9 |     5 ||    16
         Demon blade       |       |    36 |   223 |   132 ||   391
  Evoke: Wand              |       |       |       |     3 ||     3
    Use: Potion            |     1 |       |       |       ||     1
   Stab: Sleeping          |     3 |     3 |     7 |       ||    13
         Paralysed         |       |       |       |     2 ||     2
         Distracted        |       |       |       |     1 ||     1
 Armour: Leather armour    |    68 |    66 |   204 |   114 ||   452
  Dodge: Dodged            |    81 |   101 |   178 |   119 ||   479

Table legend: (Time is in decaauts)
 A = Elapsed time spent in this place.
 B = Non-inter-level travel time spent in this place.
 C = Inter-level travel time spent in this place.
 D = Time resting spent in this place.
 E = Time spent auto-exploring this place.
 F = Levels seen in this place.
 G = Mean time per level.
                   A        B        C        D        E       F      G
               +--------+--------+--------+--------+--------+-----+--------+
         Total |   6876 |   6506 |    370 |    479 |   4448 |  10 |  687.6 |
       Dungeon |   6587 |   6217 |    370 |    436 |   4346 |   9 |  731.9 |
        Bailey |    288 |    288 |      0 |     43 |    102 |   1 |  288.0 |
               +--------+--------+--------+--------+--------+-----+--------+

Top non-repeatable levels by time:
     D:1: 1108 daAuts
     D:3: 988 daAuts
     D:4: 986 daAuts
     D:2: 792 daAuts
     D:8: 714 daAuts
     D:6: 702 daAuts
     D:5: 674 daAuts
     D:7: 439 daAuts
  Bailey: 288 daAuts
     D:9: 181 daAuts
